 Dungeon Crawl Stone Soup version 0.25-a0-558-g78a2afb0af (webtiles) character file.

Game seed: 8644108438261233586, levelgen mode: deterministic

29 Leibowitz the Sneak (level 3, 0/16 HPs)
             Began as a Spriggan Enchanter on Feb 24, 2020.
             Slain by Natasha (7 damage)
             ... on level 2 of the Dungeon.
             The game lasted 00:07:43 (1886 turns).

Leibowitz the Sneak (Spriggan Enchanter)            Turns: 1886, Time: 00:07:43

Health: 0/16       AC:  2    Str:  4    XL:     3   Next: 1%
Magic:  3/8        EV: 19    Int: 17    God:
Gold:   73         SH:  0    Dex: 16    Spells: 2/8 levels left

rFire    . . .     SeeInvis +   a - +1 dagger
rCold    . . .     Gourm    .   (shield restricted)
rNeg     . . .     Faith    .   c - +0 robe
rPois    +         Spirit   .   (helmet restricted)
rElec    .         Reflect  .   (no cloak)
rCorr    .         Harm     .   (gloves unavailable)
MR       .....                  (boots unavailable)
Stlth    +++.......             (no amulet)
HPRegen  0.05/turn              e - ring of poison resistance
MPRegen  0.11/turn              (no ring)

@: very quick
A: very small, unfitting armour, see invisible, herbivore, speed 3, slow
metabolism 2
a: no special abilities


You were on level 2 of the Dungeon.
You were not hungry.

You visited 1 branch of the dungeon, and saw 2 of its levels.

You collected 73 gold pieces.

Inventory:

Hand Weapons
 a - a +1 dagger (weapon)
 g - a +0 rapier
Armour
 c - a +0 robe (worn)
Jewellery
 e - a ring of poison resistance (left hand)
Scrolls
 b - 2 scrolls of teleportation {unknown}
Potions
 f - 3 potions of brilliance {unknown}
Comestibles
 d - 4 rations


   Skills:
 + Level 1.1 Short Blades
 + Level 3.6 Dodging
 + Level 5.1 Stealth
 + Level 3.1 Spellcasting
 + Level 3.9 Hexes
 + Level 0.1 Ice Magic


You had 2 spell levels left.
You knew the following spells:

 Your Spells              Type           Power        Failure   Level  Hunger
a - Corona                Hex            ###....      3%          1    None
b - Ensorcelled Hibernat  Hex/Ice        #.....       11%         2    ##.....
c - Confusing Touch       Hex            ###.....     10%         3    ###....

Your spell library contained the following spells:

 Spells                   Type           Power        Failure   Level  Hunger
 Tukima's Dance           Hex            ###.....     10%         3    ###....
 Dazzling Flash           Conj/Hex       #.....       22%         3    ###....


Dungeon Overview and Level Annotations

Branches:
Dungeon (2/15)

Altars:

Annotations:
D:2 Natasha, Robin


Innate Abilities, Weirdness & Mutations

You are very small and have problems with some larger weapons.
You are too small for most types of armour.
You have supernaturally acute eyesight. (SInv)
You are a herbivore.
You cover ground extremely quickly.
You need to consume almost no food.


Message History

Natasha claws you.
You completely miss Natasha.
Natasha is lightly wounded.
Natasha closely misses you.
You hit Natasha but do no damage.
Natasha is lightly wounded.
Natasha closely misses you.
You hit Natasha but do no damage.
Natasha is lightly wounded.
Natasha seems less confused.
Natasha completely misses you.
You closely miss Natasha.
Natasha is lightly wounded.
Natasha barely misses you.
Casting: Confusing Touch (safe; 10% risk of failure)
Confirm with . or Enter, or press ? or * to list all spells.
Aiming: Ensorcelled Hibernation (safe; 11% risk of failure)
Press: ? - help, Shift-Dir - straight line, f - Natasha
Aim: Natasha (lightly wounded, chance to defeat MR: 40%) Natasha resists with some effort.
Natasha claws you!
You die...

#.# #.#
###### #.#
#######.....
#(#
(gg.g.g...(.
#.#
##.#g##.....
#.# #(....
#h# ######
#@# #.# #.#
#.# #.# #.#
#.# #.#
#.#.# #.#
#.#.# #.#
#.#.#######
#.#
#.#........
#.#
#.#.#######


You could see Natasha.

Vanquished Creatures
  An ooze (D:2)
  A leopard gecko (D:2)
  3 bats (D:1)
  7 goblins
  2 hobgoblins
  4 kobolds
  2 frilled lizards (D:2)
  2 rats
22 creatures vanquished.

Notes
Turn   | Place    | Note
-------+----------+-------------------------------------------
     0 | D:1      | Leibowitz the Spriggan Enchanter began the quest for the
                  | Orb.
     0 | D:1      | Reached XP level 1. HP: 9/9 MP: 5/5
   135 | D:1      | Reached XP level 2. HP: 2/13 MP: 2/6
   630 | D:1      | Learned a level 2 spell: Ensorcelled Hibernation
  1153 | D:2      | Noticed Robin
  1267 | D:2      | Reached skill level 5 in Stealth
  1661 | D:2      | Reached XP level 3. HP: 16/16 MP: 3/8
  1666 | D:2      | Learned a level 3 spell: Confusing Touch
  1866 | D:2      | Noticed Natasha
  1886 | D:2      | Slain by Natasha

Levels and vault maps discovered:
D:1:      mainiacjoe_arrival_reflecting_pool, layout_basic,
          minmay_misc_feat_diagonals
D:2:      layout_basic, uniq_natasha, uniq_robin

Skill      XL: |  1  2 |
---------------+-------+-----
Spellcasting   | 3 |  3.1
Stealth        | 5 |  5.1
Short Blades   | |  1.1
Dodging        | |  3.6
Hexes          | |  3.9
Ice Magic      | |  0.1

Action                   || total
-------------------------++-------
Melee: Dagger            ||    68
 Cast: Corona            ||     9
       Ensorcelled Hiber ||    21
       Confusing Touch   ||     3
 Stab: Sleeping          ||    13
Armor: Robe              ||     5
Dodge: Dodged            ||    63

Table legend:
 A = Non-vault XP
 B = Vault XP
 C = Vault XP percentage of total XP
 D = Non-vault monster count
 E = Vault monster count
 F = Vault count percentage of total count
                 A         B        C        D         E       F
            +---------+---------+-------+---------+---------+-------
      Total |      37 |       5 |  11.9 |      19 |       3 |  13.6
            +---------+---------+-------+---------+---------+-------
        D:1 |      17 |       0 |   0.0 |      10 |       0 |   0.0
        D:2 |      20 |       5 |  20.0 |       9 |       3 |  25.0
            +---------+---------+-------+---------+---------+-------
